 Dungeon Crawl Stone Soup version 0.31-b1-17-gcfd88c8481 (webtiles) character file.

Game seed: 13878683908144026571

77 jagang the Trooper (level 4, -4/37 HPs)
             Began as a Human Monk on Jan 15, 2024.
             Killed by divine providence
             ... invoked by an orc priest
              (12 damage)
             ... on level 3 of the Dungeon.
             The game lasted 00:04:27 (2096 turns).

jagang the Trooper (Human Monk)                     Turns: 2096, Time: 00:04:28

Health: -4/37      AC:  6    Str: 12    XL:     4   Next: 34%
Magic:  4/4        EV: 12    Int: 10    God:
Gold:   109        SH:  0    Dex: 17    Spells: 3/3 levels left

rFire   . . .        a - +0 falchion
rCold   . . .        d - orb {light}
rNeg    . . .        o - +0 leather armour
rPois   .            (no helmet)
rElec   .            p - +2 cloak
rCorr   .            (no gloves)
SInv    .            (no boots)
Will    .....        (no amulet)
Stlth   +            (no ring)
HPRegen 0.26/turn    (no ring)
MPRegen 0.09/turn

%: no passive effects
@: glowing
A: explore regen
a: no special abilities


You were on level 3 of the Dungeon.
You visited 1 branch of the dungeon, and saw 3 of its levels.

You collected 109 gold pieces.

Inventory:

Hand Weapons
 a - a +0 falchion (weapon)
Missiles
 l - 7 poisoned darts (quivered)
Armour
 d - an orb of light (worn)
 o - a +0 leather armour (worn)
 p - a +2 cloak (worn)
Jewellery
 r - a ring of protection from fire
Scrolls
 e - 2 scrolls of identify {unknown}
 f - a scroll of fear {unknown}
 h - 2 scrolls of teleportation {unknown}
 i - a scroll of enchant weapon {unknown}
 m - a scroll of silence {unknown}
 n - a scroll of vulnerability {unknown}
 q - a scroll of poison {unknown}
 s - a scroll of torment {unknown}
Potions
 b - a potion of curing {unknown}
 c - a potion of ambrosia
 g - a potion of lignification {unknown}
 j - a potion of haste {unknown}
 k - a potion of heal wounds {unknown}


   Skills:
 * Level 3.7 Fighting
 * Level 3.7 Long Blades
 + Level 0.2 Throwing
 * Level 2.0 Armour
 - Level 3.0 Dodging


You had 3 spell levels left.
You didn't know any spells.
Your spell library was empty.

Dungeon Overview and Level Annotations

Branches:
Dungeon (3/15)

Altars:
Elyvilon


Innate Abilities, Weirdness & Mutations

You regain HP and MP as you explore.


Message History

You kill the bat!
Your Armour skill increases to level 2!
No target in view!
An orc comes into view. It is wielding a +0 trident.
An orc comes into view. It is wielding a +0 short sword.
The orc shouts!
You hear a shout!
An orc priest comes into view. It is wielding a +0 short sword.
An orc comes into view. It is wielding a +0 hand axe.
The orc shouts!
The orc priest shouts!
The orc barely misses you.
The orc priest calls down the wrath of Beogh upon you.
Beogh smites you!
The orc moves out of view.
You hit the orc.
The orc is moderately wounded.
The orc barely misses you.
You hit the orc.
The orc is severely wounded.
The orc barely misses you.
You hit the orc.
You kill the orc!
You hit the orc.
The orc is moderately wounded.
The orc closely misses you.
The orc priest mumbles some strange prayers to Beogh against you.
Beogh smites you!
You are too injured to fight recklessly!
You are too injured to fight recklessly!
You are too injured to fight recklessly!
Unknown command.
You hit the orc.
The orc is heavily wounded.
The orc hits you but does no damage. The orc hits you with a +0 short sword.
* * * LOW HITPOINT WARNING * * *
You barely miss the orc.
The orc is heavily wounded.
The orc hits you with a +0 short sword.
* * * LOW HITPOINT WARNING * * *
The orc priest invokes the aid of Beogh against you.
Beogh smites you!
You die...

##. ########
.....############.......
#.o.oo@..........######
#############.###......
##.##...##.#
#.....#..#.#
##.....##....
..........._.
.......##....
.......#..#.#
##...#...##.#


You could see an orc priest and 2 orcs.

Vanquished Creatures
  2 adders
  2 dart slugs
  2 ribbon worms (D:2)
  An orc (D:3)
  6 bats
  2 endoplasms (D:1)
  4 giant cockroaches
  4 goblins
  4 hobgoblins
  5 jackals
  3 kobolds
  A quokka (D:1)
  4 ball pythons
  3 frilled lizards
  A rat (D:1)
44 creatures vanquished.

Notes
Turn   | Place    | Note
-------+----------+-------------------------------------------
     0 | D:1      | jagang the Human Monk began the quest for the Orb.
     0 | D:1      | Reached XP level 1. HP: 18/18 MP: 1/1
   172 | D:1      | Reached XP level 2. HP: 24/24 MP: 2/2
   313 | D:1      | Reached skill level 1 in Armour
   714 | D:1      | Reached XP level 3. HP: 28/29 MP: 3/3
   934 | D:2      | Found a faded altar of an unknown god.
  1509 | D:2      | Reached XP level 4. HP: 34/37 MP: 4/4
  2051 | D:3      | Found a white marble altar of Elyvilon.
  2096 | D:3      | Killed from afar by an orc priest

Illustrated notes

Levels and vault maps discovered:
D:1:      minmay_arrival_checkered_box, layout_loops_corners,
          minmay_misc_feat_iff
D:2:      layout_basic, dreamdust_ecumenical_altar_statues, st_stairs_9,
          minmay_misc_feat_rows
D:3:      layout_loops_ring, mainiacjoe_overflow_small_starburst, minmay_puff

Skill      XL: |  1  2  3  4 |
---------------+-------------+-----
Armour         | 1 2 |  2.0
Fighting       | |  3.7
Long Blades    | |  3.7
Throwing       | |  0.2
Dodging        | |  3.0

Action                     |  1- 3 |  4- 6 || total
---------------------------+-------+-------++-------
  Melee: Falchion          |    98 |    29 ||   127
 Armour: Robe              |    38 |       ||    38
         Leather armour    |    17 |    21 ||    38
  Dodge: Dodged            |    65 |    18 ||    83
